 Dungeon Crawl Stone Soup version 0.27-a0-955-gb57c80000f (webtiles) character file.

Game seed: 4017657566842520420

51 Glokmah the Grasshopper (level 3, 0/31 HPs)
             Began as a Draconian Warper on Apr 12, 2021.
             Slain by a bat (1 damage)
             ... on level 2 of the Dungeon.
             The game lasted 00:02:59 (1786 turns).

Glokmah the Grasshopper (Draconian Warper)          Turns: 1786, Time: 00:02:59

Health: 0/31       AC:  5    Str: 13    XL:     3   Next: 58%
Magic:  6/6        EV: 12    Int: 14    God:
Gold:   24         SH:  0    Dex: 10    Spells: 6/6 levels left

rFire    . . .     SeeInvis .   a - +0 hand axe
rCold    . . .     Faith    .   (no shield)
rNeg     . . .     Spirit   .   (armour unavailable)
rPois    .         Reflect  .   (helmet restricted)
rElec    .         Harm     .   (no cloak)
rCorr    .         Rampage  .   (no gloves)
Will     .....                  (no boots)
Stlth    +.........             (no amulet)
HPRegen  0.10/turn              (no ring)
MPRegen  0.10/turn              (no ring)

@: no status effects
A: AC +5, unfitting armour, cold-blooded
a: no special abilities


You were on level 2 of the Dungeon.
You visited 1 branch of the dungeon, and saw 2 of its levels.

You collected 24 gold pieces.

Inventory:

Hand Weapons
 a - a +0 hand axe (weapon)
Missiles
 b - 32 stones
 d - 5 boomerangs of dispersal (quivered)


   Skills:
 * Level 3.0 Fighting
 - Level 2.0 Axes
 - Level 0.8 Throwing
 + Level 2.4 Dodging
 + Level 2.3 Spellcasting
 * Level 3.6 Translocations


You had 6 spell levels left.
You didn't know any spells.
Your spell library contained the following spells:

 Spells                   Type           Power      Damage    Failure   Level
 Blink                    Tloc           N/A        N/A       8%          2
 Gell's Gravitas          Tloc           5%         N/A       16%         3
 Lesser Beckoning         Tloc           5%         N/A       16%         3
 Teleport Other           Tloc           11%        N/A       16%         3
 Manifold Assault         Tloc           11%        N/A       82%         5


Dungeon Overview and Level Annotations

Branches:
Dungeon (2/15)

Altars:


Innate Abilities, Weirdness & Mutations

Your plain brown scales are hard. (AC +5)
You cannot fit into any form of body armour.
You are cold-blooded and may be slowed by cold attacks.


Message History

The gnoll shaman is healed somewhat.
The bat hits you.
* * * LOW HITPOINT WARNING * * *
The gnoll shaman is pulled toward you! The gnoll is pulled toward you! x2
The bat closely misses you. The bat misses you. The bat closely misses you.
The bat barely misses you. The bat closely misses you.
The bat closely misses you. The bat is pulled toward you!
The gnoll is pulled toward you! The gnoll shaman is pulled toward you!
You feel less attractive to monsters.
Blink to where?
Press: ? - help, Dir - move target
As you read the scroll of blinking, it crumbles to dust.
The gnoll shaman calls upon its god to heal something.
The bat hits you but does no damage. The bat barely misses you.
The bat hits you but does no damage. The bat misses you.
The bat closely misses you. x2
The bat barely misses you. The bat closely misses you.
The bat barely misses you. The bat closely misses you.
Found a stone staircase leading up.
The bat hits you.
* * * LOW HITPOINT WARNING * * *
The bat hits you but does no damage. The bat hits you but does no damage.
The bat hits you but does no damage. The bat hits you.
* * * LOW HITPOINT WARNING * * *
You see here a +0 dagger.
The bat misses you.
A bat comes into view.
The bat barely misses you. The bat closely misses you.
Things that are here:
a +0 dagger; a +0 club The bat hits you.
* * * LOW HITPOINT WARNING * * *
There is an open door here.
The bat barely misses you. The bat hits you.
You die...

#.# ...# #. ##+## #.#
...# #. ##...## #.# #..#
#. ##.....## #.####..# #)
##.......## #(......# ##
#.........####...#.######
+.........').)...........
#.......bb####.....######
##......@## ##.#.##
##.....## ###.# ##...##
#.# ##'## #.# #.# #.# #)#
#.# ##.## #.# ######...##
#.# #.........## #.#


You could see 2 bats.

Vanquished Creatures
  Robin (D:2)
  A dart slug (D:1)
  A ball python (D:1)
  2 endoplasms (D:1)
  A giant cockroach (D:1)
  9 goblins
  7 hobgoblins
  3 kobolds (D:1)
  A quokka (D:2)
  5 bats (D:1)
  2 frilled lizards (D:1)
33 creatures vanquished.

Notes
Turn   | Place    | Note
-------+----------+-------------------------------------------
     0 | D:1      | Glokmah the Draconian Warper began the quest for the Orb.
     0 | D:1      | Reached XP level 1. HP: 17/17 MP: 3/3
   242 | D:1      | Reached XP level 2. HP: 24/25 MP: 5/5
  1031 | D:2      | Noticed Robin
  1132 | D:2      | Reached XP level 3. HP: 30/30 MP: 6/6
  1428 | D:2      | Killed Robin
  1781 | D:2      | HP: 1/31 [bat (1)]
  1786 | D:2      | Slain by a bat

Illustrated notes

Levels and vault maps discovered:
D:1:      psy_arrival_radial02, layout_loops_ring
D:2:      layout_loops_corners, basic_altar, uniq_robin, uniq_natasha

Skill      XL: |  1  2  3 |
---------------+----------+-----
Fighting       | 3 |  3.0
Axes           | |  2.0
Throwing       | |  0.8
Dodging        | |  2.4
Spellcasting   | |  2.3
Translocations | |  3.6

Action                   || total
-------------------------++-------
Melee: Hand axe          ||   124
       Tailslap          ||    10
       Unarmed           ||    12
  Use: Potion            ||     2
       Scroll            ||     1
Armor: Skin              ||    57
Dodge: Dodged            ||   148

Table legend: (Time is in decaauts)
 A = Elapsed time spent in this place.
 B = Non-inter-level travel time spent in this place.
 C = Inter-level travel time spent in this place.
 D = Time resting spent in this place.
 E = Time spent auto-exploring this place.
 F = Levels seen in this place.
 G = Mean time per level.
                   A        B        C        D        E       F      G
               +--------+--------+--------+--------+--------+-----+--------+
         Total |   1804 |   1758 |     46 |    222 |   1139 |   2 |  902.0 |
       Dungeon |   1804 |   1758 |     46 |    222 |   1139 |   2 |  902.0 |
               +--------+--------+--------+--------+--------+-----+--------+

Top non-repeatable levels by time:
     D:1: 1240 daAuts
     D:2: 564 daAuts
